Map: Tropical Sacrifice

Players

IIIIIIIIIIII

  • Race: Zerg Zerg
  • League: Master
  • Spawn Location: 7:00

SophieKate - Winner!

  • Race: Terran Terran
  • League: Master
  • Spawn Location: 1:00

VOD

Have the link to the VOD?

Description

Time

  • Played on: Aug. 13, 2022, 6:06 p.m.
  • Length: 6:01
Show
View Real Time Build Order
Export as new Build Order

IIIIIIIIIIII Zerg 

Build Orders: Hatch First 

Get SALT Encoding   

  12  0:00  Drone  
  13  0:12  Overlord  
  13  0:18  Drone  
  14  0:31  Drone x2  
  16  0:50  Hatchery  
  16  0:53  Drone  
  16  0:55  Drone  
  17  1:03  Drone  
  18  1:10  Extractor  
  17  1:16  Spawning Pool  
  17  1:18  Drone  
  17  1:22  Drone  
  18  1:28  Drone  
  19  1:39  Drone  
  20  1:50  Overlord  
  20  2:03  Queen x2, Zergling x2  
  20  2:04  Zergling x2  
  26  2:19  Hatchery  
  25  2:24  Drone x2  
  25  2:28  Drone  
  28  2:33  Drone  
  28  2:34  Drone  
  30  2:40  Metabolic Boost  
  30  2:45  Drone  
  30  2:49  Overlord  
  31  2:54  Queen  
  31  2:57  Drone  
  34  3:00  Drone  
  34  3:03  Drone  
  36  3:07  Overlord  
  36  3:11  Drone x2  
  38  3:13  Drone  
  38  3:17  Drone x2  
  41  3:20  Drone  
  42  3:27  Overlord  
  42  3:28  Drone  
  42  3:31  Queen  
  45  3:37  Queen  
  47  3:41  Zergling x2  
  47  3:42  Zergling x4  
  47  3:43  Zergling x2  
  47  3:47  Overlord  
  50  3:48  Drone  
  50  3:51  Overlord  
  52  3:55  Drone x2  
  52  3:58  Drone x2  
  52  4:02  Drone x3  
  58  4:06  Drone  
  59  4:10  Queen  
  59  4:11  Drone  
  59  4:15  Drone x3  
  66  4:17  Drone x2  
  66  4:23  Drone  
  68  4:26  Drone  
  70  4:31  Drone x2  
  71  4:42  Drone x3  
  71  4:43  Hatchery  
  72  4:47  Extractor  
  72  4:48  Extractor  
  72  4:51  Lair  
  72  4:52  Extractor  
  69  4:53  Overlord, Drone  
  69  4:54  Drone x4  
  74  5:00  Overlord  
  74  5:09  Overlord  
  74  5:11  Queen x2  
  74  5:13  Drone x4  
  82  5:17  Spore Crawler  
  82  5:19  Spore Crawler  
  82  5:20  Extractor x2, Drone  
  82  5:21  Drone x6  
  85  5:26  Zergling x2  
  85  5:27  Zergling x2  
  86  5:30  Zergling x8  
  83  5:37  Zergling x2  
  82  5:43  Zergling x4  
Show
View Real Time Build Order
Export as new Build Order

SophieKate Terran - Winner!

Build Orders: Hellion Opening, Reaper Expand 

Get SALT Encoding   

  12  0:01  SCV  
  13  0:13  SCV  
  14  0:18  Supply Depot  
  14  0:25  SCV  
  15  0:40  SCV  
  15  0:41  Barracks  
  16  0:44  Refinery  
  16  0:52  SCV  
  17  1:04  SCV  
  18  1:16  SCV  
  19  1:28  Reaper, Orbital Command  
  20  1:44  Command Center  
  20  1:55  SCV, Supply Depot  
  20  2:00  Marine  
  22  2:07  SCV  
  23  2:11  Factory  
  23  2:19  SCV  
  24  2:22  Refinery  
  24  2:24  Barracks Reactor  
  24  2:31  SCV  
  25  2:43  SCV  
  26  2:55  SCV  
  26  2:56  Orbital Command  
  27  3:00  Starport  
  27  3:06  Barracks Tech Lab  
  27  3:08  SCV  
  27  3:10  Hellion x2  
  32  3:18  Supply Depot  
  32  3:22  SCV  
  32  3:23  SCV  
  32  3:27  Stimpack  
  34  3:31  Hellion  
  34  3:32  Hellion  
  38  3:35  SCV x2  
  40  3:43  Viking  
  40  3:47  SCV x2  
  44  3:50  Marine  
  44  3:55  Supply Depot  
  45  3:59  SCV, Hellion x2  
  45  4:00  SCV  
  51  4:08  Marine  
  52  4:11  SCV  
  52  4:12  SCV  
  52  4:16  Medivac  
  56  4:18  Supply Depot  
  56  4:22  Armory  
  56  4:24  SCV  
  57  4:26  Hellion x2  
  57  4:29  Marine  
  62  4:39  SCV x2  
  64  4:46  Command Center  
  64  4:50  Hellion x2  
  68  4:54  SCV  
  68  4:55  SCV  
  68  4:58  Supply Depot  
  70  5:15  Starport Reactor  
  70  5:17  Factory  
  70  5:20  Widow Mine x2, SCV  
  75  5:24  SCV  
  76  5:32  SCV, Refinery  
  76  5:33  Engineering Bay, Refinery  
  76  5:34  Engineering Bay  
  75  5:37  Barracks  
  75  5:40  Barracks, SCV  
  78  5:51  Supply Depot  
  78  5:52  Supply Depot  
Tags
 
Add a new tag
Caveats
  • Supply blocks, unpowered buildings, or Contaminate may cause inaccurate times.
  • Supply counts are checked every 10 seconds.